 Dungeon Crawl Stone Soup version 0.20-a0-957-g47ad1fd (webtiles) character file.

293422 JeffiDaFish the Peltast (level 20, -3/117 HPs)
             Began as a Gargoyle Fighter on Apr 5, 2017.
             Was the Champion of Okawaru.
             Killed by Lee's Rapid Deconstruction
             ... invoked by a deep troll earth mage
             ... led by an ironheart preserver
              (28 damage)
             ... on level 2 of the Vaults.
             The game lasted 01:55:34 (42735 turns).

JeffiDaFish the Peltast (Gargoyle Fighter)         Turns: 42735, Time: 01:55:35

Health: -3/117     AC: 57    Str: 27    XL:     20   Next: 82%
Magic:  0/8        EV: 15    Int: 12    God:    Okawaru [******]
Gold:   2868       SH: 24    Dex: 15    Spells: 26/26 levels left

rFire    . . .     SeeInvis +   j - +5 demon whip "Spellbinder" {antimagic, MR+}
rCold    + . .     Gourm    .   r - +2 large shield {AC+3}
rNeg     + . .     Faith    .   C - +5 chain mail {rC+}
rPois    ∞         Spirit   +   l - +2 helmet {SInv}
rElec    +         Reflect  .   s - +1 cloak
rCorr    .         Harm     .   t - +2 pair of gloves
MR       ++...     Rnd*Rage +   k - +2 pair of boots {Fly}
Stlth    ..........             u - amulet of guardian spirit
Regen    0.3/turn               F - ring "Ovong" {+Fly rPois Str+7}
MPRegen  0.2/turn               B - +5 ring of protection

@: flying
A: big wings, talons 1, slimy green scales 1, berserk 1, frail 1, negative
energy resistance 1, electricity resistance, unbreathing, petrification
resistance, rot immunity, AC +15
}: 2/15 runes: barnacled, gossamer
a: Stop Flying, Heroism, Finesse, Renounce Religion


You were on level 2 of the Vaults.
You worshipped Okawaru.
Okawaru was exalted by your worship.
You were not hungry.

You visited 6 branches of the dungeon, and saw 33 of its levels.
You visited the Abyss 1 time.
You also visited: Ice Cave.

You collected 3786 gold pieces.
You spent 918 gold pieces at shops.

Inventory:

Hand Weapons
 j - the +5 demon whip "Spellbinder" (weapon) {antimagic, MR+}
   (You took it off a merfolk impaler on level 4 of the Shoals)

   It reduces the magical energy of the wielder, and disrupts the spells and
   magical abilities of those hit.
   Natural abilities and divine invocations are not affected.
   It affects your resistance to hostile enchantments.
 w - the +10 rapier "Weole" {drain, rC+}
   (You found it on level 8 of the Dungeon)

   A truly terrible weapon, it drains the life of those it strikes.
   It protects you from cold.
 H - a +8 whip of electrocution
Armour
 k - a +2 pair of boots of flying (worn)
 l - a +2 helmet of see invisible (worn)
 r - a +2 large shield of protection (worn)
 s - a +1 cloak (worn)
 t - a +2 pair of gloves (worn)
 C - a +5 chain mail of cold resistance (worn)
 G - a scarf of resistance
Jewellery
 u - an amulet of guardian spirit (around neck)
 B - a +5 ring of protection (right hand)
 F - the ring "Ovong" (left hand) {+Fly rPois Str+7}
   (You found it on level 6 of the Lair of Beasts)

   [ring of flight]

   It affects your strength (+7).
   It protects you from poison.
   It lets you fly.
 J - a +4 ring of strength
Scrolls
 c - a scroll of brand weapon
 e - 8 scrolls of magic mapping
 g - 17 scrolls of remove curse
 i - 7 scrolls of amnesia
 n - a scroll of enchant weapon
 p - 10 scrolls of identify
 q - 2 scrolls of teleportation
 y - 5 scrolls of fog
 E - 9 scrolls of recharging
 I - 3 scrolls of fear
Potions
 a - a potion of invisibility
 b - 6 potions of ambrosia
 d - 3 potions of might
 m - 4 potions of agility
 o - 11 potions of curing
 z - a potion of magic
 A - a potion of haste
Books
 D - a book of Power

   Spells                             Type                      Level
   a - Iskenderun's Battlesphere      Conjuration/Charms           5
   b - Venom Bolt                     Conjuration/Poison           5
   c - Bolt of Magma                  Conjuration/Fire/Earth       5
   d - Iron Shot                      Conjuration/Earth            6
   e - Orb of Destruction             Conjuration                  7
   f - Spellforged Servitor           Conjuration/Summoning        7
Comestibles
 f - 11 bread rations
 h - 11 royal jellies
 v - 12 meat rations
 x - 40 fruits


   Skills:
 + Level 16.0 Fighting
 + Level 13.4 Short Blades
 + Level 15.8 Maces & Flails
 + Level 16.1 Armour
 + Level 12.6 Dodging
 - Level 4.8 Stealth
 + Level 16.2 Shields
 - Level 3.5 Spellcasting
 - Level 4.2 Invocations


You had 26 spell levels left.
You didn't know any spells.

Dungeon Overview and Level Annotations

Branches:
Dungeon (15/15)            Temple (0/1) D:4            Lair (6/6) D:9
 Shoals (4/4) Lair:4       Spider (4/4) Lair:4        Slime (0/5) Lair:5
    Orc (2/2) D:12            Elf (0/3) Orc:2        Vaults (2/5) D:13
  Crypt (0/3) Vaults:2     Depths (0/5) D:15

Altars:
Cheibriados
Elyvilon
Fedhas
Hepliaklqana
Kikubaaqudgha
Nemelex Xobeh
Okawaru
Qazlal
Sif Muna
Trog
Vehumet
The Shining One
Jiyva

Shops:
D:15 ([*?*   Orc:2 **:(

Portals:
Pandemonium: Orc:2

Annotations:
Lair:6 exclusion: oklob plant


Innate Abilities, Weirdness & Mutations

You are resistant to torment.
Your stone body is resilient. (AC +15)
You are immune to poison.
Your large and strong wings let you fly indefinitely.
You resist negative energy. (rN+)
You are resistant to electric shocks. (rElec)
You can survive without breathing.
You are immune to petrification.
You are immune to rotting.
You have sharp toenails.
You are partially covered in slimy green scales. (AC +2)
You tend to lose your temper in combat.
You are frail. (-10% HP)


Message History

The yaktaur hits you but does no damage.
You thrash the fire dragon!!
You kill the fire dragon!
Okawaru accepts your kill.
Okay, then.
You whack the yaktaur!
The yaktaur is moderately wounded.
The yaktaur closely misses you.
A deep troll earth mage comes into view.
You whack the yaktaur!
The yaktaur is heavily wounded.
You block the yaktaur's attack.
You hit the yaktaur.
The yaktaur is severely wounded.
You whack the yaktaur!
You kill the yaktaur!
Okawaru accepts your kill.
The deep troll earth mage gestures at you while chanting.
You shatter!
You die...

......#...#...#.#.#...#
......+.#.....#.(.<.(.#
##### #.......#.......#
###################'####
........................
........................
...............#########
............(..#####(...
.......@(((((..##(.#....
........)......##.(.....
.......p.......##.[#....
.......T.......#####....
...............#########
........................
......T.................
######'##############'##
#.....


You could see an ironheart preserver, a deep troll and a deep troll earth mage.

Vanquished Creatures
  A lich (Vaults:1)
  Rupert (D:12)
  Jorgrun (Spider:2)
  An acid blob (Vaults:1)
  2 tentacled starspawn (Abyss:2)
  Polyphemus (Shoals:3)
  A sphinx (D:15)
  3 krakens (Shoals:2)
  Kirke (D:14)
  Ilsuiw (Shoals:4)
  The ghost of keipra the Brawler, a journeyman TrMo of Trog (Orc:2)
  A fire giant (Vaults:2)
  Roxanne (Spider:2)
  3 vault wardens
  6 ghost moths
  Louise (Spider:2)
  3 emperor scorpions
  A ghoul (Vaults:2)
  3 frost giants
  3 ironheart preservers
  3 stone giants
  4 entropy weavers
  A deep elf demonologist (Vaults:1)
  A red draconian (Abyss:2)
  Azrael (Spider:2)
  2 spark wasps (Spider:4)
  Snorg (Lair:6)
  9 merfolk javelineers
  A fire dragon (Vaults:2)
  14 merfolk impalers
  6 yaktaur captains
  12 hydras
  2 great orbs of eyes (Vaults:1)
  Fannar (Lair:3)
  3 ice dragons
  The ghost of heteroy the Fighter, a journeyman DsWn of Wu Jian (D:12)
  2 rakshasas
  2 alligator snapping turtles
  3 merfolk avatars
  6 merfolk aquamancers (Shoals:4)
  A catoblepas (Shoals:3)
  A death knight (D:15)
  A satyr (Shoals:2)
  6 centaur warriors
  9 death yaks
  18 two-headed ogres
  5 ogre magi
  2 tengu warriors
  A queen ant (Spider:3)
  Urug (D:13)
  A vampire mage (Vaults:2)
  5 orc high priests (Orc:2)
  2 thrashing horrors (Abyss:2)
  2 deep elf knights
  2 sun demons (Orc:2)
  A wretched star (Abyss:2)
  3 unseen horrors
  A fire crab (D:15)
  9 sea snakes
  An infernal demonspawn (Orc:2)
  An anaconda zombie (Abyss:2)
  A torturous demonspawn (Orc:2)
  2 wizards (D:15)
  A phantasmal warrior (Vaults:2)
  An orange crystal statue (Vaults:2)
  A lindwurm (Lair:6)
  A gelid demonspawn (Orc:2)
  3 ironbrand convokers
  2 deep elf archers (Vaults:1)
  2 necromancers (Vaults:1)
  16 harpies
  11 orb spiders
  23 wolf spiders
  6 deep elf magi
  6 orc knights
  7 orc sorcerers (Orc:2)
  7 cyclopes
  3 moths of wrath
  20 ugly things
  14 manticores
  A worldbinder (Abyss:2)
  11 fauns
  An ice statue (IceCv)
  A naga mage (D:15)
  4 black mambas
  7 merfolk sirens
  2 torpor snails
  12 elephants
  7 water nymphs
  2 orange demons (Orc:2)
  A vault sentinel (Vaults:1)
  A smoke demon (Abyss:2)
  2 gargoyles
  19 spiny frogs
  4 kobold demonologists (D:15)
  4 rime drakes
  2 freezing wraiths
  13 demonic crawlers
  15 yaktaurs
  A hellwing (Abyss:2)
  54 merfolk
  7 komodo dragons
  A harpy zombie (Vaults:1)
  8 trolls
  2 large abominations (Abyss:2)
  24 polar bears
  13 hornets
  14 slime creatures
  26 jumping spiders
  6 wind drakes
  36 blink frogs
  3 dream sheep (Shoals:2)
  10 hippogriffs
  A dream sheep (shapeshifter) (Abyss:2)
  5 snapping turtles
  Sigmund (D:5)
  A fire giant simulacrum (Vaults:1)
  62 redbacks
  A centaur simulacrum (D:14)
  23 tarantellas
  A shadow (Vaults:2)
  16 humans
  2 wraiths
  A vampire (D:11)
  A ynoxinul (Abyss:2)
  9 water elementals
  4 hungry ghosts
  4 wyverns
  Eustachio (D:5)
  2 basilisks (D:15)
  68 yaks
  A neqoxec (Orc:2)
  A fire elemental (Spider:2)
  A chaos spawn (Orc:2)
  5 wargs
  8 vampire mosquitoes
  Duvessa (D:4)
  12 soldier ants
  3 hell hounds (Spider:2)
  6 porcupines
  18 water moccasins
  26 orc warriors
  6 sky beasts
  4 phantoms
  A human zombie (Vaults:1)
  3 ice beasts
  4 black bears
  A necrophage (D:7)
  2 small abominations (Abyss:2)
  A boggart (shapeshifter) (D:15)
  5 eyes of draining
  17 wolves
  5 boggarts
  10 centaurs
  16 ogres
  20 crocodiles
  7 big kobolds
  Blork the orc (D:6)
  16 bullfrogs
  2 wyvern zombies
  A gnoll sergeant (D:8)
  A water moccasin zombie (D:7)
  Dowan (D:4)
  2 scorpions
  A wyvern skeleton (D:10)
  21 killer bees
  An elf simulacrum (Vaults:1)
  4 howler monkeys
  9 electric eels
  2 bullfrog zombies
  A quasit (D:10)
  A centaur zombie (D:8)
  6 crimson imps
  4 jellies
  5 hounds
  31 orc priests
  Crazy Yiuf (D:5)
  25 orc wizards
  4 centaur skeletons
  5 iguanas
  Ijyb (D:5)
  20 worker ants
  2 killer bee zombies
  6 ogre zombies (D:12)
  2 hound zombies
  A howler monkey skeleton (D:7)
  A worker ant zombie (D:5)
  7 gnolls
  12 adders
  3 shadow imps
  An ufetubus (Abyss:2)
  3 adder skeletons
  4 worms
  A dart slug (D:2)
  A leopard gecko (D:4)
  112 orcs
  4 giant cockroaches
  11 goblins
  9 hobgoblins
  21 jackals
  5 quokkas
  6 bats
  4 frilled lizards
  A goblin skeleton (D:12)
  3 goblin zombies (D:12)
  A hobgoblin zombie (D:6)
  24 kobolds
  3 kobold skeletons (D:6)
  2 kobold zombies (D:6)
  A leopard gecko zombie (D:9)
  2 orc skeletons
  18 orc zombies
  A quokka skeleton (D:4)
  A quokka zombie (D:9)
  9 rats
  A fire vortex (Vaults:1)
  A fungus (D:5)
  5 starspawn tentacles (Abyss:2)
  12 tentacles (Shoals:2)
1479 creatures vanquished.

Vanquished Creatures (collateral kills)
  A stone giant (Vaults:1)
  An emperor scorpion (Spider:4)
  An ironheart preserver (Vaults:1)
  A yaktaur captain (Vaults:1)
  2 orc knights (Vaults:1)
  A deep elf archer (Vaults:1)
  An ironbrand convoker (Vaults:1)
  A yaktaur (Vaults:1)
  2 tarantellas (Spider:4)
  An orc warrior (Vaults:1)
  3 orcs (Vaults:1)
15 creatures vanquished.

Vanquished Creatures (others)
  A vault warden (Vaults:1)
  An ogre mage (Vaults:1)
  3 humans (D:14)
  An orc warrior (Orc:2)
  A wolf (IceCv)
  2 boggarts (D:15)
  An ogre (Vaults:1)
  2 ball lightnings (Vaults:1)
  14 fungi
  32 plants
  24 tentacles (Shoals:2)
82 creatures vanquished.

Grand Total: 1576 creatures vanquished

Notes
Turn   | Place    | Note
-------+----------+-------------------------------------------
     0 | D:1      | JeffiDaFish the Gargoyle Fighter began the quest for the Orb.
     0 | D:1      | Reached XP level 1. HP: 14/14 MP: 1/1
   221 | D:1      | Reached XP level 2. HP: 17/20 MP: 2/2
   567 | D:1      | Reached XP level 3. HP: 22/24 MP: 3/3
  1203 | D:2      | Found a radiant altar of Vehumet.
  1203 | D:2      | Found an ancient bone altar of Kikubaaqudgha.
  1204 | D:2      | Found a deep blue altar of Sif Muna.
  1219 | D:2      | Identified Sif Muna's Almanac of the Oath
  1274 | D:2      | Found a stormy altar of Qazlal.
  1274 | D:2      | Noticed a water elemental
  1275 | D:2      | Noticed an air elemental
  1281 | D:2      | Noticed an earth elemental
  1284 | D:2      | Noticed a fire elemental
  1495 | D:2      | Found a faded altar of an unknown god.
  1711 | D:2      | Reached XP level 4. HP: 26/29 MP: 4/4
  2243 | D:2      | Found a blossoming altar of Fedhas.
  2243 | D:2      | Found a snail-covered altar of Cheibriados.
  2244 | D:2      | Found an iron altar of Okawaru.
  2250 | D:2      | Became a worshipper of Warmaster Okawaru
  2530 | D:3      | Found a sparkling altar of Nemelex Xobeh.
  2613 | D:3      | Reached XP level 5. HP: 32/33 MP: 5/5
  3128 | D:3      | Gained mutation: You tend to lose your temper in combat. [potion of mutation]
  3128 | D:3      | Gained mutation: You are partially covered in slimy green scales. (AC +2) [potion of mutation]
  3128 | D:3      | Gained mutation: You have sharp toenails. [potion of mutation]
  3607 | D:4      | Found a staircase to the Ecumenical Temple.
  3689 | D:4      | Noticed Dowan
  3700 | D:4      | Killed Dowan
  3700 | D:4      | Reached XP level 6. HP: 38/38 MP: 6/6
  3761 | D:4      | Noticed Duvessa
  3783 | D:4      | Killed Duvessa
  3783 | D:4      | Reached * piety under Okawaru
  3783 | D:4      | Reached skill level 1 in Dodging
  3783 | D:4      | Reached skill level 5 in Shields
  3966 | D:5      | Entered Level 5 of the Dungeon
  3978 | D:5      | Reached XP level 7. HP: 41/44 MP: 7/7
  3999 | D:5      | Noticed Eustachio
  4018 | D:5      | Killed Eustachio
  4136 | D:5      | Noticed a yak
  4137 | D:5      | Noticed a yak
  4138 | D:5      | Noticed a yak
  4138 | D:5      | Noticed a yak
  4187 | D:5      | Killed a yak
  4187 | D:5      | Reached ** piety under Okawaru
  4187 | D:5      | Reached skill level 5 in Maces & Flails
  4187 | D:5      | Reached skill level 5 in Armour
  4194 | D:5      | Killed a yak
  4194 | D:5      | Reached XP level 8. HP: 36/48 MP: 6/8
  4221 | D:5      | Reached skill level 5 in Dodging
  4221 | D:5      | Reached XP level 9. HP: 47/56 MP: 8/14
  4360 | D:5      | Noticed Sigmund
  4367 | D:5      | Killed Sigmund
  4981 | D:5      | Found a glowing golden altar of the Shining One.
  5112 | D:5      | Noticed Ijyb
  5120 | D:5      | Killed Ijyb
  5436 | D:5      | Found a runed door.
  5440 | D:5      | Noticed Crazy Yiuf
  5451 | D:5      | Killed Crazy Yiuf
  5570 | D:6      | Noticed Blork the orc
  5581 | D:6      | Killed Blork the orc
  5581 | D:6      | Reached *** piety under Okawaru
  5617 | D:6      | Found a bloodstained altar of Trog.
  5708 | D:6      | Found a glowing golden altar of the Shining One.
  5863 | D:6      | Reached XP level 10. HP: 61/63 MP: 15/15
  6524 | D:7      | Found a white marble altar of Elyvilon.
  6541 | D:7      | Reached **** piety under Okawaru
  7161 | D:8      | Noticed a two-headed ogre
  7168 | D:8      | Killed a two-headed ogre
  7168 | D:8      | Reached ***** piety under Okawaru
  7399 | D:8      | Noticed a purple ugly thing
  7425 | D:8      | Killed a purple ugly thing
  7542 | D:8      | Identified the +10 rapier "Weole" {drain, rC+} (You found it on level 8 of the Dungeon)
  7599 | D:8      | Noticed a cyclops
  7614 | D:8      | Killed a cyclops
  7614 | D:8      | Reached skill level 1 in Short Blades
  7614 | D:8      | Reached XP level 11. HP: 31/67 MP: 16/16
  8036 | D:8      | Noticed a cyan ugly thing
  8064 | D:8      | Killed a cyan ugly thing
  8105 | D:8      | Noticed a two-headed ogre
  8113 | D:8      | Killed a two-headed ogre
  8318 | D:8      | Found a hazy altar of Hepliaklqana.
  8718 | D:9      | Found a staircase to the Lair.
  9117 | D:9      | Found a sparkling altar of Nemelex Xobeh.
  9201 | D:9      | Noticed a two-headed ogre
  9211 | D:9      | Killed a two-headed ogre
  9211 | D:9      | Reached ****** piety under Okawaru
  9211 | D:9      | Received a gift from Okawaru
  9211 | D:9      | Reached skill level 10 in Maces & Flails
  9604 | Lair:1   | Entered Level 1 of the Lair of Beasts
  9929 | Lair:1   | Noticed a six-headed hydra
  9941 | Lair:1   | Killed a six-headed hydra
 10616 | Lair:2   | Reached XP level 12. HP: 52/75 MP: 17/17
 11556 | Lair:2   | Reached skill level 10 in Shields
 11986 | Lair:3   | Received a gift from Okawaru
 12244 | Lair:3   | Noticed Fannar
 12256 | Lair:3   | Killed Fannar
 12533 | Lair:3   | Reached skill level 5 in Short Blades
 12722 | Lair:4   | Noticed a six-headed hydra
 12747 | Lair:4   | Killed a six-headed hydra
 12760 | Lair:4   | Noticed an eight-headed hydra
 12771 | Lair:4   | Killed an eight-headed hydra
 12771 | Lair:4   | Received a gift from Okawaru
 12809 | Lair:4   | Reached XP level 13. HP: 25/80 MP: 18/18
 13093 | Lair:4   | Found a staircase to the Shoals.
 13238 | Lair:4   | Found a hole to the Spider Nest.
 13319 | Lair:4   | Reached skill level 10 in Armour
 14012 | Lair:5   | Reached skill level 10 in Fighting
 14414 | Lair:5   | Received a gift from Okawaru
 14572 | Lair:5   | Found a viscous altar of Jiyva.
 14573 | Lair:5   | Found a staircase to the Slime Pits.
 14695 | Lair:5   | Identified a scroll of acquirement
 15133 | Lair:6   | Entered Level 6 of the Lair of Beasts
 15376 | Lair:6   | Found a blossoming altar of Fedhas.
 15522 | Lair:6   | Gained mutation: Your large and strong wings let you fly indefinitely. [Gargoyle growth]
 15522 | Lair:6   | Reached XP level 14. HP: 61/88 MP: 19/19
 17040 | Lair:6   | Noticed Snorg
 17059 | Lair:6   | Killed Snorg
 17059 | Lair:6   | Received a gift from Okawaru
 17254 | Lair:6   | Got a twitching pewter ring
 17256 | Lair:6   | Identified the ring "Ovong" {+Fly rPois Str+7} (You found it on level 6 of the Lair of Beasts)
 18271 | D:10     | Entered Level 10 of the Dungeon
 19773 | D:12     | Reached XP level 15. HP: 91/95 MP: 20/20
 19965 | D:12     | Got a wavering lapis lazuli ring
 19966 | D:12     | Identified the ring of the Establishment {-Tele MR+ Str+4 Int+3 Dex+2} (You found it on level 12 of the Dungeon)
 20061 | D:12     | Found a staircase to the Orcish Mines.
 20155 | D:12     | Noticed heteroy's ghost (journeyman DsWn)
 20191 | D:12     | Paralysed by heteroy's ghost for 4 turns
 20277 | D:12     | Killed heteroy's ghost
 20277 | D:12     | Received a gift from Okawaru
 20806 | D:13     | Found a gate to the Vaults.
 20806 | D:13     | Noticed Urug
 20806 | D:13     | Noticed Rupert
 20829 | D:12     | Killed Rupert
 21283 | D:13     | Killed Urug
 21338 | D:13     | Received a gift from Okawaru
 21699 | D:13     | You are sucked into a shaft!
 21865 | D:14     | Noticed Kirke
 21891 | D:14     | Killed Kirke
 21891 | D:14     | Received a gift from Okawaru
 21891 | D:14     | Reached skill level 10 in Short Blades
 22462 | D:15     | Entered Level 15 of the Dungeon
 22548 | D:15     | Found Emudd's General Store.
 22557 | D:15     | Bought a scroll of enchant weapon for 112 gold pieces
 22639 | D:15     | Noticed a sphinx
 22639 | D:15     | Noticed a frost giant
 22675 | D:15     | Killed a frost giant
 22686 | D:15     | Received a gift from Okawaru
 22698 | D:15     | Killed a sphinx
 22867 | D:15     | Found Ocogun's Antique Armour Emporium.
 22880 | D:15     | Bought a glowing plate armour for 806 gold pieces
 22928 | D:15     | Found Vint's Antique Weapon Emporium.
 23114 | D:15     | Found Nessuv Veol's Magic Scroll Emporium.
 23168 | D:15     | Found Focuitan's Assorted Antiques.
 23174 | D:15     | Reached XP level 16. HP: 100/101 MP: 21/21
 23757 | D:15     | Found a staircase to the Depths.
 23946 | D:14     | You are sucked into a shaft!
 24010 | Orc:1    | Entered Level 1 of the Orcish Mines
 24336 | Orc:1    | Found a frozen archway.
 24382 | IceCv    | Entered an ice cave
 24531 | IceCv    | Received a gift from Okawaru
 24991 | IceCv    | Identified the Reference Book on Sinister Feathers
 25461 | Orc:2    | Entered Level 2 of the Orcish Mines
 25491 | Orc:2    | Noticed keipra's ghost (journeyman TrMo)
 25529 | Orc:2    | Killed keipra's ghost
 25812 | Orc:2    | Found a staircase to the Elven Halls.
 25897 | Orc:2    | Found Naviuvef's General Store.
 25913 | Orc:2    | Found Zeucw's General Store.
 26414 | Orc:2    | Paralysed by an orc sorcerer for 6 turns
 27168 | Orc:2    | Gained mutation: You are frail. (-10% HP) [a neqoxec]
 27169 | Orc:2    | Paralysed by an orc sorcerer for 7 turns
 27522 | Orc:2    | Received a gift from Okawaru
 27879 | Orc:2    | Reached skill level 10 in Dodging
 27880 | Orc:2    | Found Duddet's Antique Weapon Boutique.
 27880 | Orc:2    | Found Namienk's Book Shop.
 27881 | Orc:2    | Found a one-way gate leading to the halls of Pandemonium.
 28200 | Shoals:1 | Entered Level 1 of the Shoals
 28790 | Shoals:1 | Reached XP level 17. HP: 87/97 MP: 22/22
 29096 | Shoals:2 | Noticed a kraken
 29131 | Shoals:2 | Killed a kraken
 29131 | Shoals:2 | Received a gift from Okawaru
 29816 | Shoals:2 | Noticed a kraken
 29872 | Shoals:2 | Killed a kraken
 30096 | Shoals:2 | Noticed a kraken
 30129 | Shoals:2 | Killed a kraken
 30129 | Shoals:2 | Received a gift from Okawaru
 30134 | Shoals:2 | Identified the +3 mace of the Endless Expanse {drain, rF+ rC+ rN+ Int+2} (Okawaru gifted it to you on level 2 of the Shoals)
 30682 | Shoals:3 | Noticed Polyphemus
 31136 | Shoals:3 | Received a gift from Okawaru
 31735 | Shoals:3 | Killed Polyphemus
 31833 | Shoals:4 | Entered Level 4 of the Shoals
 31953 | Shoals:4 | Reached XP level 18. HP: 79/104 MP: 17/23
 32032 | Shoals:4 | Noticed Ilsuiw
 32475 | Shoals:4 | HP: 4/104 [merfolk aquamancer/shard of ice (29)]
 33808 | Shoals:4 | Killed Ilsuiw
 33808 | Shoals:4 | Received a gift from Okawaru
 33952 | Shoals:4 | Got a barnacled rune of Zot
 34018 | Shoals:4 | Upgraded the game from 0.20-a0-950-g92a50c4 to 0.20-a0-957-g47ad1fd
 34463 | Spider:1 | Entered Level 1 of the Spider Nest
 35433 | Spider:2 | Noticed Louise
 35434 | Spider:2 | Cast into level 2 of the Abyss (Louise)
 35838 | Spider:2 | Escaped the Abyss
 35878 | Spider:2 | Killed Louise
 36226 | Spider:2 | Noticed Jorgrun
 36245 | Spider:2 | Killed Jorgrun
 36245 | Spider:2 | Reached skill level 15 in Shields
 36268 | Spider:2 | Noticed Azrael
 36286 | Spider:2 | Killed Azrael
 36359 | Spider:2 | Reached XP level 19. HP: 91/109 MP: 8/24
 36522 | Spider:2 | Noticed Roxanne
 36536 | Spider:2 | Killed Roxanne
 36756 | Spider:2 | Received a gift from Okawaru
 36759 | Spider:2 | Identified the +1 pair of gloves of Mysticism {rF+++ Regen+ Dex-2 Stlth+} (Okawaru gifted it to you on level 2 of the Spider Nest)
 37750 | Spider:3 | Reached skill level 15 in Armour
 38253 | Spider:4 | Entered Level 4 of the Spider Nest
 38583 | Spider:4 | Reached skill level 15 in Fighting
 38868 | Spider:4 | Reached skill level 15 in Maces & Flails
 39050 | Spider:4 | Received a gift from Okawaru
 39497 | Spider:4 | Was placed under penance by Okawaru
 39635 | Spider:4 | Was forgiven by Okawaru
 39697 | Spider:4 | Got a gossamer rune of Zot
 40145 | Vaults:1 | Entered Level 1 of the Vaults
 40575 | Vaults:1 | Reached XP level 20. HP: 117/117 MP: 8/25
 40796 | Vaults:1 | Noticed a lich
 40829 | Vaults:1 | Killed a lich
 40926 | Vaults:1 | Received a gift from Okawaru
 41753 | Vaults:1 | Was placed under penance by Okawaru
 42210 | Vaults:2 | Was forgiven by Okawaru
 42214 | Vaults:2 | Received a gift from Okawaru
 42570 | Vaults:2 | Found a staircase to the Crypt.
 42735 | Vaults:2 | Killed from afar by a deep troll earth mage

Vault maps used:
D:1:      minmay_arrival_radiant_lines
D:2:      grunt_temple_overflow_magic_moments, gammafunk_temple_overflow_claw,
          nicolae_qazlal_style_of_elements, first_bread,
          chequers_ecumenical_altar_simple, amethyst_killhole
D:3:      nemelex_xobeh_ov_fountains_minmay, roderic_cross_of_infinity
D:4:      minmay_temple_entry_poolview, uniq_duvessa
D:5:      corexii_shack_village, kennysheep_little_box, uniq_eustachio,
          uniq_iyjb, uniq_sigmund, uniq_crazy_yiuf_cottage
D:6:      trog_eyes_of_draining, nicolae_tso_besieged_by_evil,
          uniq_blork_the_orc
D:7:      elyvilon_altar_5
D:8:      minmay_tri_box, lemuel_coloured_pillars_altar
D:9:      dpeg_oklobed_lair, blue_anna_alchemist, nemelex_lonely_heart_becter
D:12:     zombieorc1_lemuel
D:13:     david_vaults_3, lab_entry_generic
D:14:     kennysheep_blocky_hall, uniq_kirke
D:15:     grunt_enter_depths_magical_seal, serial_shops, shop, shop, shop, shop,
          nicolae_shop_stone, hangedman_decor_lopped, wad_scary_box
Lair:1:   statuecave_lemuel, fungi_pond_lemuel
Lair:2:   serial_bayou_pond_a, grunt_megastairs_5, infiniplex_staircase_pool_2
Lair:3:   uniq_fannar
Lair:4:   elwin_shoals_entry_rooms, spider_nest_entry_webs, serial_bayou_shore_a
Lair:5:   dpeg_slime_entry_enclosed_altar, st_stairs_9, beast_lair_carwin_5
Lair:6:   gammafunk_lair_ancient_temple, lemuel_oklob_altar,
          serial_bayou_shore_b, uniq_snorg
Shoals:1: nicolae_shoals_square_sea_wall
Shoals:3: nicolae_shoals_mertower, uniq_polyphemus
Shoals:4: shoals_end_grunt_ice, shoals_ilsuiw_alternative
Spider:2: uniq_roxanne, uniq_azrael, uniq_jorgrun, uniq_louise
Spider:3: minmay_another_anthill
Spider:4: grunt_spider_rune_parallel
Orc:1:    portal_ice_cave_entry_animals_and_master, nicolae_orc_lava_tube
Orc:2:    pf_orc_diabolical
Vaults:1: nicolae_vaults_border_crossing, st_check,
          vaults_mumra_minichess_inversion, nicolae_vaults_mini_display_case,
          vaults_room_octagon, nicolae_vaults_three_branches,
          nicolae_vaults_what_the_h, nicolae_vaults_rhombus_7, v_misc_17,
          hangedman_vaults_stitches, vaults_dpeg_doors,
          nicolae_vaults_circle_grid_b
Vaults:2: hangedman_vaults_cutoff, v_misc_22, nicolae_vaults_puzzle_piece,
          grunt_vaults_hallway_long, minmay_crypt_entry_simple_plaza,
          nicolae_vaults_statue_guard, v_misc_10, hangedman_vaults_nails,
          vaults_room_door_hall, grunt_vaults_funnel, uniq_sojobo, uniq_margery
IceCv:    ice_cave_caverns_03

Skill      XL: |  1  2  3  4  5  6  7  8  9 10 11 12 13 14 15 16 17 18 19 20 |
---------------+-------------------------------------------------------------+-----
Shields        | 4 5 6 7 8 9 10 11 12 13 14 15 16 | 16.2
Armour         | 4 5 6 7 8 9 10 11 12 13 14 15 16 | 16.1
Fighting       | 4 6 7 8 9 10 11 12 13 14 15 16 | 16.0
Maces & Flails | 3 4 5 6 8 9 10 11 12 13 14 15 | 15.8
Dodging        | 1 2 5 6 7 8 9 10 11 12 | 12.6
Stealth        | 4 |  4.8
Spellcasting   | 3 |  3.5
Invocations    | 4 |  4.2
Short Blades   | 1 3 5 7 9 10 11 12 13 | 13.4

Action                   |  1- 3 |  4- 6 |  7- 9 | 10-12 | 13-15 | 16-18 | 19-21 || total
-------------------------+-------+-------+-------+-------+-------+-------+-------++-------
Melee: Flail             |   207 |   327 |   298 |   648 |       |       |       ||  1480
       Kick              |       |    13 |    90 |   292 |   197 |       |       ||   592
       Rapier            |       |       |       |   403 |   798 |       |       ||  1201
       Whip              |       |       |       |       |  1203 |  2838 |       ||  4041
       Unarmed           |       |       |       |       |     2 |       |       ||     2
       Demon whip        |       |       |       |       |       |    17 |  1775 ||  1792
Invok: Heroism           |       |       |     1 |       |       |       |       ||     1
       Finesse           |       |       |       |       |     2 |       |       ||     2
 Abil: Fly               |       |       |       |       |     1 |       |       ||     1
  Use: Potion            |     3 |     6 |     3 |     1 |     9 |     6 |       ||    28
       Scroll            |     1 |     5 |     3 |     9 |    21 |    22 |     9 ||    70
 Stab: Sleeping          |       |       |     1 |       |       |       |       ||     1
       Petrified         |       |       |       |       |       |     5 |       ||     5
       Invisible         |       |       |       |       |       |     2 |       ||     2
       Paralysed         |       |       |       |       |       |       |    14 ||    14
       Held in net/web   |       |       |       |       |       |       |     2 ||     2
       Distracted        |       |       |       |       |       |       |     4 ||     4
       Confused          |       |       |       |       |       |       |     6 ||     6
  Eat: Chunk             |     2 |     9 |     6 |    22 |    40 |    39 |    23 ||   141
       Royal jelly       |       |       |       |     1 |       |     3 |       ||     4
Armor: Scale mail        |   106 |   185 |   134 |       |       |       |       ||   425
       Plate armour      |       |       |    15 |   721 |   177 |       |       ||   913
       Chain mail        |       |       |       |       |   729 |   927 |   575 ||  2231
Dodge: Dodged            |    95 |   104 |   108 |   349 |   755 |   649 |   447 ||  2507
Block: Shield            |   127 |   204 |   156 |   688 |  1069 |       |       ||  2244
       Large shield      |       |       |       |       |   145 |  2544 |  1602 ||  4291
